 Dungeon Crawl Stone Soup version 0.16.1-30-g34a7ffa (webtiles) character file.

101 Yawgmoth the Digger (level 4, -12/26 HPs)
             Began as a Gargoyle Earth Elementalist on June 13, 2015.
             Killed by divine providence
             ... invoked by an orc priest
              (13 damage)
             ... on level 3 of the Dungeon.
             The game lasted 00:13:28 (2577 turns).

Yawgmoth the Digger (Gargoyle Earth Elementalist)   Turns: 2577, Time: 00:13:28

Health: -12/26     AC:  6    Str: 11    XL:     4   Next: 75%
Magic:  0/8        EV: 12    Int: 17    God:
Gold:   150        SH:  0    Dex: 10    Spells: 1 memorised, 7 levels left

rFire  . . .     SeeInvis .     i - +0 club
rCold  . . .     Clarity  .     c - +0 robe
rNeg   + + .     SustAb   .     (no shield)
rPois  ∞         Gourm    .     (no helmet)
rElec  +         Spirit   .     (no cloak)
rCorr  .         Warding  .     u - +0 pair of gloves
rMut   .         Stasis   .     (no boots)
MR     +....                    (no amulet)
Stlth  ++........               v - ring of positive energy
                                h - ring of protection from magic

@: somewhat resistant to hostile enchantments, unstealthy
A: negative energy resistance 1, electricity resistance, unbreathing,
petrification resistance, rot immunity, AC +3
a: no special abilities


You were on level 3 of the Dungeon.
You were not hungry.

You visited 1 branch of the dungeon, and saw 3 of its levels.

You collected 150 gold pieces.

Inventory:

Hand weapons
 i - a +0 club (weapon)
Missiles
 b - 49 stones (quivered)
Armour
 c - a +0 robe (worn)
 u - a +0 pair of gloves (worn)
Jewellery
 h - a ring of protection from magic (left hand)
 v - a ring of positive energy (right hand)
Scrolls
 e - a scroll of remove curse {unknown}
 f - a scroll of teleportation {unknown}
 j - 2 scrolls of blinking {unknown}
 o - 2 scrolls of magic mapping {unknown}
Potions
 k - a potion of agility {unknown}
 m - a potion of restore abilities {unknown}
 p - 2 potions of curing {unknown}
 s - a potion of might {unknown}
 t - a potion of haste {unknown}
Books
 d - a book of Geomancy

   Spells                             Type                      Level
   a - Sandblast                      Earth                        1
   b - Stoneskin                      Transmutation/Earth          2
   c - Passwall                       Transmutation/Earth          3
   d - Stone Arrow                    Conjuration/Earth            3
   e - Petrify                        Transmutation/Earth          4
   f - Lee's Rapid Deconstruction     Earth                        5
Comestibles
 a - 3 bread rations
 g - a slice of pizza
 l - 4 chunks of flesh
 n - 2 meat rations
 r - 2 fruits


   Skills:
 + Level 2.2 Fighting
 - Level 1.7 Dodging
 - Level 2.1 Stealth
 + Level 2.6 Spellcasting
   Level 0.7 Transmutations
 + Level 5.0 Earth Magic


You had 7 spell levels left.
You knew the following spells:

 Your Spells              Type           Power        Failure   Level  Hunger
a - Sandblast             Erth           ###...       2%          1    #......


Dungeon Overview and Level Annotations

Branches:
Dungeon (3/15)

Altars:


Innate Abilities, Weirdness & Mutations

You are resistant to torment.
You are immune to poison.
Your stone body is very resilient (AC +3).
You resist negative energy.
You are resistant to electric shocks.
You can survive without breathing.
You are immune to petrification.
You are immune to rotting.


Message History

Really attack while wielding your 49 stones?
Wield which item (- for none, * to show all)? (? for menu, Esc to quit)
i - a +0 club (weapon)
You hit the orc priest.
The orc priest is severely wounded.
The orc priest hits you with a war axe.
* * * LOW HITPOINT WARNING * * *
You hit the orc priest.
The orc priest is almost dead.
The orc priest hits you with a war axe.
* * * LOW HITPOINT WARNING * * *
You closely miss the orc priest.
The orc priest is almost dead.
The orc priest hits you but does no damage.
You barely miss the orc priest.
The orc priest is almost dead.
The orc priest calls down the wrath of Beogh upon you.
Something smites you!
Ouch! That really hurt!
You die...

#.... #..# ########..##
......#.....# #### #.....#.#
#### .....# #.......# #..(.
oo...[####......#######....
.......#.o..#.).......#....
..8...(.#.#@##.#.#####.#....
≈≈.≈o...).#.##.#.#...#.#....
.$.≈...o###.##.#.#...#.#....
8?≈.... #.##.#.###.#......
..≈.... #.)..#.....###....
≈≈≈...# ###########.# #....
..... .............# #....
..$# ..#####.#.### #.... .#
.....##.#### #....


You could see an orc priest.

Vanquished Creatures
  4 adders
  A worm (D:2)
  A giant mite (D:1)
  An orc (D:3)
  5 bats
  2 giant cockroaches
  7 goblins
  5 hobgoblins
  3 kobolds
  3 giant newts
  2 quokkas
  25 rats
59 creatures vanquished.

Notes
Turn   | Place    | Note
--------------------------------------------------------------
     0 | D:1      | Yawgmoth, the Gargoyle Earth Elementalist, began the quest for the Orb.
     0 | D:1      | Reached XP level 1. HP: 10/10 MP: 3/3
    47 | D:1      | Reached skill level 4 in Earth Magic
   242 | D:1      | Reached XP level 2. HP: 12/15 MP: 1/4
   846 | D:1      | Reached skill level 1 in Fighting
  1081 | D:1      | Reached XP level 3. HP: 18/20 MP: 6/6
  1937 | D:2      | Reached XP level 4. HP: 16/26 MP: 2/8
  2200 | D:2      | Reached skill level 5 in Earth Magic
  2575 | D:3      | HP: 1/26 [orc priest/war axe (4)]
  2577 | D:3      | Killed from afar by an orc priest

Action                   |  1- 3 |  4- 6 || total
-------------------------+-------+-------++-------
Melee: Unarmed           |    22 |       ||    22
       Club              |   125 |    98 ||   223
Throw: Stone             |     1 |       ||     1
 Cast: Sandblast         |    22 |    19 ||    41
 Stab: Sleeping          |     3 |       ||     3
  Eat: Chunk             |     4 |     2 ||     6
